 Dungeon Crawl Stone Soup version 0.23-b1-13-gf37ab262a9 (webtiles) character file.

Game seed: 5561447259000283488

3559 DoctorYolo the Fighter (level 10, -1/75 HPs)
             Began as an Octopode Fighter on Feb 2, 2019.
             Was an Initiate of the Shining One.
             Slain by a bullfrog (8 damage)
             ... on level 7 of the Dungeon.
             The game lasted 00:27:36 (7297 turns).

DoctorYolo the Fighter (Octopode Fighter)           Turns: 7297, Time: 00:27:37

Health: -1/75      AC:  2    Str: 20    XL:     10   Next: 9%
Magic:  22/23      EV: 12    Int: 15    God:    the Shining One [......]
Gold:   473        SH:  9    Dex: 14    Spells: 9/9 levels left

rFire    . . .     SeeInvis .     - Unarmed
rCold    + . .     Gourm    .   a - +0 shield
rNeg     + + .     Faith    .   (helmet restricted)
rPois    +         Spirit   .   (no amulet)
rElec    .         Reflect  .   f - ring of magical power
rCorr    .         Harm     .   t - ring of positive energy
MR       .....                  u - +3 ring of intelligence
Stlth    ++........             B - ring of stealth
HPRegen  0.22/turn              A - ring of positive energy
MPRegen  0.18/turn              G - +1 ring of protection
                                Q - ring of protection from cold
                                (no ring)

@: mighty, glowing
A: almost no armour, stealthy swim, amphibious, 8 rings, constrict 8, antennae
1, camouflage 1, poison resistance, wild magic 1, gelatinous body 1
a: Renounce Religion


You were on level 7 of the Dungeon.
You worshipped the Shining One.
The Shining One was noncommittal.
You were not hungry.

You visited 2 branches of the dungeon, and saw 8 of its levels.

You collected 473 gold pieces.

Inventory:

Hand Weapons
 p - a +0 hunting sling
 q - a +0 blowgun
Missiles
 g - 145 stones
 j - 5 javelins (quivered)
 r - 106 sling bullets
 v - 21 poisoned needles
 M - 8 curare-tipped needles
 O - 5 tomahawks
Armour
 a - a +0 shield (worn)
Jewellery
 f - a ring of magical power (left tentacle)
 t - a ring of positive energy (right tentacle)
 u - a +3 ring of intelligence (on tentacle)
 A - a ring of positive energy (on tentacle)
 B - a ring of stealth (on tentacle)
 G - a +1 ring of protection (on tentacle)
 Q - a ring of protection from cold (on tentacle)
Wands
 b - a wand of enslavement (7)
 n - a wand of polymorph (8)
 s - a wand of acid (23)
Scrolls
 e - 5 scrolls of teleportation
 w - 3 scrolls of fog
 y - 3 scrolls of magic mapping
 z - 4 scrolls of remove curse
 D - 2 scrolls of blinking
 F - 2 scrolls of amnesia
 K - a scroll of enchant armour {unknown}
 L - a scroll of identify
Potions
 d - 2 potions of haste
 h - 3 potions of magic
 i - a potion of cancellation
 k - 4 potions of ambrosia {unknown}
 l - a potion of mutation
 m - 2 potions of flight
 o - a potion of brilliance
 x - 2 potions of curing
 C - a potion of degeneration
 E - 2 potions of heal wounds
 H - 2 potions of lignification
 N - a potion of agility {unknown}
 P - a potion of invisibility {unknown}
Comestibles
 c - 22 rations
 J - 8 chunks of flesh


   Skills:
 + Level 9.6 Fighting
 - Level 3.0 Dodging
 - Level 3.0 Shields
 + Level 9.4 Unarmed Combat
 * Level 6.1 Evocations


You had 9 spell levels left.
You didn't know any spells.
Your spell library contained the following spells:

 Spells                   Type           Power        Failure   Level  Hunger
 Animate Skeleton         Necr           N/A          83%         1    ##.....
 Apportation              Tloc           #.....       83%         1    ##.....
 Confusing Touch          Hex            #.....       83%         1    ##.....
 Summon Small Mammal      Summ           #...         83%         1    ##.....


Dungeon Overview and Level Annotations

Branches:
Dungeon (7/15)             Temple (1/1) D:7

Altars:
Ashenzari
Cheibriados
Dithmenos
Elyvilon
Fedhas
Gozag
Hepliaklqana
Kikubaaqudgha
Makhleb
Nemelex Xobeh
Okawaru
Qazlal
Ru
Sif Muna
Trog
Uskayaw
Vehumet
Wu Jian
Xom
Yredelemnul
Zin
The Shining One


Innate Abilities, Weirdness & Mutations

You cannot wear most types of armour.
You are very stealthy in the water. (Stealth+)
You are amphibious.
You can wear up to eight rings at the same time.
You can use your tentacles to constrict eight enemies at once.
Your skin changes colour to match your surroundings (Stealth+).
Your rubbery body absorbs attacks. (AC +1, EV +1)
You have a pair of small antennae on your head.
Your system is resistant to poisons. (rPois)
Your spells are a little harder to cast, but a little more powerful.


Message History

* * * LOW HITPOINT WARNING * * *
The manticore barely misses you.
You batter the manticore!!
You kill the manticore!
Your Evocations skill increases to level 6!
You have reached level 10!
You feel clever. The bullfrog hits you!
* * * LOW HITPOINT WARNING * * *
A bullfrog skeleton comes into view.
Unknown command.
You tentacle-slap the bullfrog. Your grab misses the bullfrog.
Your squeeze misses the bullfrog.
The bullfrog is moderately wounded.
The bullfrog hits you.
* * * LOW HITPOINT WARNING * * *
You bludgeon the bullfrog! Your grab misses the bullfrog.
The bullfrog is almost dead.
The bullfrog hits you!
You die...

#.#
###...#...........#####
#.# ###.............#
..# ###....##..#### #
..# ####...#...## #
#..# { ###...#..# #
##.# ##(####....## #
#.# ###Z# ###...####
###.F#.# ###...##
###..@.##.# ###..)
###......# #r# { #..#
##.[..#...# #.# #..#
#..(..###..# #.# ###..#
###..(.(#..# ####..#.##
###......# ###....#.#
###....# ###...##.#.#
###..###...#.##.#.#
###)...#......#.##


You could see a bullfrog and a bullfrog skeleton.

Vanquished Creatures
  An ugly thing (D:7)
  A manticore (D:7)
  Grinder (D:3)
  Duvessa (D:5)
  A water moccasin (D:6)
  2 black bears
  2 ice beasts (D:5)
  An orc warrior (D:7)
  2 ogres (D:4)
  A centaur (D:7)
  A crocodile (D:7)
  Blork the orc (D:5)
  A wyvern zombie (D:6)
  2 bullfrogs (D:7)
  Dowan (D:5)
  2 scorpions (D:5)
  4 killer bees (D:7)
  A howler monkey (D:7)
  4 crimson imps
  5 hounds
  Crazy Yiuf (D:5)
  4 orc priests
  4 orc wizards
  Jessica (D:2)
  2 iguanas (D:7)
  8 worker ants
  6 adders
  An ooze (D:5)
  2 adder skeletons
  4 worms
  A dart slug (D:1)
  2 leopard geckos
  22 orcs
  A ball python (D:4)
  5 bats
  3 giant cockroaches (D:1)
  8 goblins
  9 hobgoblins
  10 jackals
  9 kobolds
  5 quokkas
  6 frilled lizards
  7 rats
156 creatures vanquished.

Vanquished Creatures (others)
  An orc (D:7)
1 creature vanquished.

Grand Total: 157 creatures vanquished

Notes
Turn   | Place    | Note
-------+----------+-------------------------------------------
     0 | D:1      | DoctorYolo the Octopode Fighter began the quest for the
                  | Orb.
     0 | D:1      | Reached XP level 1. HP: 16/16 MP: 1/1
   104 | D:1      | Reached XP level 2. HP: 18/21 MP: 2/2
   306 | D:1      | Reached XP level 3. HP: 26/26 MP: 3/3
   977 | D:2      | Noticed Jessica
   987 | D:2      | Killed Jessica
   987 | D:2      | Reached XP level 4. HP: 25/33 MP: 4/4
  1077 | D:2      | Noticed a -1 dagger
  1077 | D:2      | Noticed a +0 dagger
  1079 | D:2      | Found a hide-covered altar of Uskayaw.
  1776 | D:3      | Reached XP level 5. HP: 33/38 MP: 5/5
  1873 | D:3      | Upgraded the game from 0.23-b1-6-ga921848b48 to
                  | 0.23-b1-13-gf37ab262a9
  2170 | D:3      | Noticed Grinder
  2180 | D:3      | Killed Grinder
  2180 | D:3      | Reached skill level 5 in Fighting
  2180 | D:3      | Reached skill level 5 in Unarmed Combat
  2180 | D:3      | Reached XP level 6. HP: 25/45 MP: 6/6
  3013 | D:4      | Reached XP level 7. HP: 51/51 MP: 7/7
  3252 | D:4      | Gained mutation: Your system is resistant to poisons.
                  | (rPois) [potion of mutation]
  3252 | D:4      | Gained mutation: You have a pair of small antennae on your
                  | head. [potion of mutation]
  3252 | D:4      | Gained mutation: Your spells are a little harder to cast,
                  | but a little more powerful. [potion of mutation]
  4039 | D:5      | Entered Level 5 of the Dungeon
  4223 | D:5      | Noticed Blork the orc
  4235 | D:5      | Killed Blork the orc
  4235 | D:5      | Reached XP level 8. HP: 35/60 MP: 8/8
  4398 | D:5      | Found a stormy altar of Qazlal.
  4639 | D:5      | Noticed Dowan
  4642 | D:5      | Noticed Duvessa
  4658 | D:5      | HP: 3/60 [Duvessa/+0 rapier (7)]
  4700 | D:5      | Killed Duvessa
  4760 | D:5      | Killed Dowan
  5205 | D:5      | Found a runed translucent door.
  5206 | D:5      | Noticed Crazy Yiuf
  5215 | D:5      | Killed Crazy Yiuf
  5587 | D:6      | Reached XP level 9. HP: 56/67 MP: 9/9
  6179 | D:7      | Reached skill level 1 in Evocations
  6394 | D:7      | Found a staircase to the Ecumenical Temple.
  6407 | Temple   | Entered the Ecumenical Temple
  6510 | Temple   | Became a worshipper of the Shining One
  6576 | D:7      | Got a translucent trident
  6582 | D:7      | Identified the cursed +0 trident of Donkeapt {pierce, Dex+4
                  | Stlth-} (You found it on level 7 of the Dungeon)
  7283 | D:7      | Noticed a cyan ugly thing
  7288 | D:7      | Killed a cyan ugly thing
  7288 | D:7      | Reached skill level 5 in Evocations
  7288 | D:7      | Noticed a manticore
  7295 | D:7      | Killed a manticore
  7295 | D:7      | Reached XP level 10. HP: 19/75 MP: 14/14
  7297 | D:7      | Slain by a bullfrog

Skill      XL: |  1  2  3  4  5  6  7  8  9 |
---------------+----------------------------+-----
Unarmed Combat | 3 5 6 8 9 |  9.4
Fighting       | 4 5 7 8 9 |  9.6
Evocations     | 6 |  6.1
Dodging        | |  3.0
Shields        | |  3.0

Action                   |  1- 3 |  4- 6 |  7- 9 | 10-12 || total
-------------------------+-------+-------+-------+-------++-------
Melee: Unarmed           |    66 |    83 |   234 |     2 ||   385
       Constrict         |    17 |    22 |    51 |       ||    90
       Tentacles         |    15 |    11 |    47 |       ||    73
       Punch             |       |     3 |    12 |       ||    15
Throw: Javelin           |       |       |    34 |       ||    34
Evoke: Wand              |       |       |     8 |       ||     8
  Use: Potion            |       |     1 |     6 |       ||     7
       Scroll            |       |     3 |    17 |       ||    20
 Stab: Sleeping          |     8 |     9 |     9 |       ||    26
  Eat: Chunk             |       |     6 |    11 |       ||    17
       Ration            |       |       |     1 |       ||     1
Armor: Skin              |     2 |     4 |     8 |       ||    14
Dodge: Dodged            |    21 |    35 |    78 |       ||   134
Block: Shield            |    19 |    25 |    86 |       ||   130
